 Dungeon Crawl Stone Soup version 0.28.0-45-g0d030f2227 (webtiles) character file.

Game seed: 6511345960552501081

18379 Peloso the Carver (level 12, -4/110 HPs)
             Began as a Minotaur Fighter on Apr 5, 2022.
             Was a High Priest of Okawaru.
             Slain by a komodo dragon (15 damage)
             ... on level 4 of the Lair of Beasts.
             The game lasted 00:25:59 (19074 turns).

Peloso the Carver (Minotaur Fighter)               Turns: 19074, Time: 00:25:59

Health: -4/110     AC: 24    Str: 23    XL:     12   Next: 27%
Magic:  11/12      EV: 10    Int:  5    God:    Okawaru [*****.]
Gold:   667        SH:  7    Dex: 13    Spells: 11/11 levels left

rFire   . . .      SeeInvis .   a - +5 double sword (vorpal)
rCold   . . .      Faith    .   c - +0 buckler
rNeg    . . .      Spirit   .   w - +0 plate armour
rPois   .          Reflect  .   (helmet restricted)
rElec   .          Harm     .   m - +0 cloak
rCorr   .          Rampage  .   (no gloves)
Will    +....                   (no boots)
Stlth   ..........              (no amulet)
HPRegen 0.28/turn               t - ring of willpower
MPRegen 0.13/turn               D - +4 ring of protection

@: heroic
A: horns 2, retaliatory headbutt
a: Renounce Religion, Heroism, Finesse, Duel


You were on level 4 of the Lair of Beasts.
You worshipped Okawaru.
Okawaru was extremely pleased with you.
You visited 3 branches of the dungeon, and saw 16 of its levels.

You collected 927 gold pieces.
You spent 260 gold pieces at shops.

Inventory:

Hand Weapons
 a - a +5 vorpal double sword (weapon)
 b - a +4 scimitar of flaming
Missiles
 j - 2 throwing nets (quivered)
Armour
 c - a +0 buckler (worn)
 m - a +0 cloak (worn)
 p - a +1 scale mail of willpower
 w - a +0 plate armour (worn)
Jewellery
 l - a ring of see invisible
 o - a ring of flight
 t - a ring of willpower (left hand)
 u - an amulet of guardian spirit
 D - a +4 ring of protection (right hand)
 H - a ring of ice
Wands
 k - a wand of polymorph (10)
 y - a wand of iceblast (16)
 z - a wand of paralysis (12)
Scrolls
 e - 7 scrolls of teleportation
 f - 2 scrolls of enchant weapon
 g - 2 scrolls of identify
 i - 2 scrolls of summoning
 r - a scroll of magic mapping
 A - 2 scrolls of immolation
 B - 4 scrolls of enchant armour
 E - a scroll of fear
 G - 2 scrolls of fog
Potions
 d - a potion of might
 h - 5 potions of attraction
 n - 2 potions of brilliance
 q - 3 potions of lignification
 s - a potion of ambrosia
 v - 2 potions of flight
 x - 2 potions of heal wounds {unknown}
 C - 2 potions of mutation {unknown}
 F - a potion of cancellation {unknown}
 J - 3 potions of curing
 K - a potion of resistance {unknown}


   Skills:
 + Level 11.0(16.0) Fighting
 + Level 14.6(19.6) Long Blades
 + Level 14.4(19.4) Armour
 + Level 2.9(7.9) Dodging
 + Level 1.4(6.4) Stealth
 + Level 8.2(13.2) Shields
 + Level 0.3(5.3) Unarmed Combat
 + Level 1.5 Invocations


You had 11 spell levels left.
You didn't know any spells.
Your spell library contained the following spells:

 Spells                   Type           Power      Damage    Failure   Level
 Apportation              Tloc           0%         N/A       98%         1
 Foxfire                  Conj/Fire      0%         2x1d4     98%         1
 Pain                     Necr           0%         1d4       98%         1
 Sublimation of Blood     Necr           0%         N/A       99%         2
 Wereblood                Tmut           0%         N/A       99%         2
 Conjure Flame            Conj/Fire      0%         6-21      100%        3
 Dazzling Flash           Conj/Hex       0%         N/A       100%        3
 Inner Flame              Hex/Fire       0%         N/A       100%        3
 Stone Arrow              Conj/Erth      0%         3d7       100%        3
 Vampiric Draining        Necr           0%         2d6       100%        3
 Flame Wave               Conj/Fire      0%         2d4       100%        4
 Passage of Golubria      Tloc           0%         N/A       100%        4
 Sticky Flame             Conj/Fire      0%         2d3       100%        4
 Agony                    Necr           0%         N/A       100%        5
 Alistair's Intoxication  Tmut/Pois      0%         N/A       100%        5
 Blade Hands              Tmut           0%         N/A       100%        5
 Excruciating Wounds      Necr           0%         N/A       100%        5
 Fireball                 Conj/Fire      0%         3d3       100%        5
 Silence                  Hex/Air        0%         N/A       100%        5
 Iron Shot                Conj/Erth      0%         9d1       100%        6
 Lehudib's Crystal Spear  Conj/Erth      0%         10d2      100%        8
 Animate Skeleton         Necr           Unusable   N/A       N/A         1
 Animate Armour           Summ/Erth      Unusable   N/A       N/A         4
 Malign Gateway           Summ/Tloc      Unusable   N/A       N/A         7
 Summon Hydra             Summ           Unusable   N/A       N/A         7

Dungeon Overview and Level Annotations

Branches:
Dungeon (12/15)            Temple (1/1) D:5            Lair (2/6) D:8
 Shoals (0/4) Lair:2          Orc (0/2) D:12
  Snake: Lair:2-4    Spider: Lair:2-4

Altars:
Cheibriados
Dithmenos
Elyvilon
Fedhas
Hepliaklqana
Kikubaaqudgha
Makhleb
Okawaru
Trog
Vehumet
Wu Jian
Xom
Zin
Beogh

Shops:
D:1 ?   D:2 [=[?:   D:6 :   D:8 ([   D:10 [   D:11 (

Annotations:
D:3 2 transporters, maxonian's ghost, amateur KoAM
D:9 exclusion: obsidian statue


Innate Abilities, Weirdness & Mutations

You have a pair of horns on your head.
You reflexively headbutt those who attack you in melee.


Message History

A sourceless malevolence fills the Lair of Beasts...
You fall into a shaft and drop 2 floors!
The shaft crumbles and collapses.
A cane toad and a komodo dragon come into view.
The cane toad croaks.
The komodo dragon hisses angrily.
You gain the combat prowess of a mighty hero.
The cane toad stings you but does no damage.
You slash the cane toad!
The cane toad is moderately wounded.
The cane toad stings you but does no damage.
You hit the cane toad.
You headbutt the cane toad, but do no damage.
The cane toad is moderately wounded.
The cane toad barely misses you.
You hit the cane toad.
You headbutt the cane toad, but do no damage.
The cane toad is heavily wounded.
You block the cane toad's attack.
You slash the cane toad!
The cane toad is severely wounded.
The komodo dragon barely misses you.
You slice the cane toad!!
You kill the cane toad!
Okawaru accepts your kill.
You hit the komodo dragon.
The komodo dragon is lightly wounded.
The komodo dragon bites you!
* * * LOW HITPOINT WARNING * * *
You hit the komodo dragon.
The komodo dragon is moderately wounded.
You block the komodo dragon's attack.
You hit the komodo dragon. You headbutt the komodo dragon.
The komodo dragon is heavily wounded.
You block the komodo dragon's attack.
You closely miss the komodo dragon.
The komodo dragon is heavily wounded.
You slash the komodo dragon!
The komodo dragon is severely wounded.
The komodo dragon bites you!
You die...

.##.......#
..P.......##
#..........#
#..........
#.........
#.......
#P....l#####
#.P..†@....#
###..#####..#
#.. # #.. ..#
.


You could see a komodo dragon.

Vanquished Creatures
  3 hydras
  Erica (Lair:1)
  Urug (Lair:1)
  A necromancer (D:11)
  A cyclops (D:11)
  A manticore (Lair:2)
  2 cane toads
  A gargoyle (D:11)
  6 komodo dragons
  A polar bear (Lair:1)
  2 trolls
  A hornet (D:9)
  9 slime creatures
  A wind drake (Lair:2)
  A shadow (D:6)
  A wyvern (D:11)
  14 yaks
  2 wraiths
  A steam dragon (D:7)
  An acid dragon (D:11)
  3 water moccasins
  8 orc warriors
  2 ice beasts (D:7)
  2 black bears
  4 sky beasts
  A necrophage (D:5)
  3 ogres
  A centaur (D:6)
  3 wolves (Lair:2)
  2 kobold brigands
  Blork the orc (D:4)
  9 bullfrogs
  A wyvern zombie (D:8)
  2 scorpions
  8 killer bees
  A howler monkey (D:4)
  12 wights
  An electric eel (Lair:1)
  5 centaur zombies
  A jelly (D:4)
  5 orc priests
  A bullfrog skeleton (D:4)
  3 hounds
  5 centaur skeletons
  3 iguanas
  15 orc wizards
  5 yak simulacra (D:11)
  3 polar bear simulacra (D:11)
  A scorpion zombie (D:5)
  3 wolf simulacra (D:11)
  2 killer bee zombies
  A hound skeleton (D:5)
  A howler monkey zombie (D:7)
  3 gnolls (D:3)
  3 adders
  A white imp (D:8)
  A worm (D:3)
  A dart slug (D:4)
  52 orcs
  An endoplasm (D:1)
  3 giant cockroaches
  5 goblins
  4 hobgoblins
  15 kobolds
  2 quokkas (D:1)
  3 training dummies (D:8)
  2 ball pythons (D:3)
  5 bats
  A frilled lizard (D:2)
  10 rats
281 creatures vanquished.

Vanquished Creatures (others)
  An orc wizard (D:7)
  3 fungi
  34 plants
  4 toadstools (D:5)
42 creatures vanquished.

Grand Total: 323 creatures vanquished

Notes
Turn   | Place    | Note
-------+----------+-------------------------------------------
     0 | D:1      | Peloso the Minotaur Fighter began the quest for the Orb.
     0 | D:1      | Reached XP level 1. HP: 19/19 MP: 0/0
   160 | D:1      | Found a faded altar of an unknown god.
   171 | D:1      | Reached XP level 2. HP: 26/27 MP: 1/1
   602 | D:1      | Found Gasuemaf's Magic Scroll Boutique.
   895 | D:2      | Found Waghogau's Magic Scroll Emporium.
   962 | D:2      | Reached XP level 3. HP: 33/33 MP: 2/2
  1016 | D:2      | Found Ytelinum's Book Boutique.
  1143 | D:2      | Found Reol's Armour Emporium.
  1143 | D:2      | Found Uwaupip's Jewellery Boutique.
  1162 | D:2      | Found Pocalecs's Armour Emporium.
  1610 | D:3      | Found a transporter.
  1613 | D:3      | Identified the +7 great mace of Ointment {distort, rN++
                  | Dex+3}
  1613 | D:3      | Noticed an ogre
  1613 | D:3      | Noticed an ogre
  1613 | D:3      | Noticed maxonian's ghost (amateur KoAM)
  2236 | D:3      | Found a transporter.
  2238 | D:3      | Reached XP level 4. HP: 41/41 MP: 3/3
  2333 | D:3      | Found a shadowy altar of Dithmenos.
  3178 | D:4      | Reached XP level 5. HP: 41/47 MP: 4/4
  3323 | D:4      | Noticed Blork the orc
  3331 | D:4      | Killed Blork the orc
  3332 | D:4      | Reached skill level 5 in Armour
  3332 | D:4      | Reached skill level 1 in Dodging
  3463 | D:4      | Noticed a black bear
  3467 | D:4      | Reached XP level 6. HP: 55/55 MP: 5/5
  3481 | D:4      | Reached skill level 5 in Fighting
  3629 | D:4      | Reached skill level 5 in Long Blades
  4041 | D:5      | Entered Level 5 of the Dungeon
  4069 | D:5      | Found a staircase to the Ecumenical Temple.
  4086 | Temple   | Entered the Ecumenical Temple
  4193 | Temple   | Became a worshipper of Warmaster Okawaru
  4322 | D:5      | Reached XP level 7. HP: 61/61 MP: 6/6
  4847 | D:5      | Reached * piety under Okawaru
  5245 | D:5      | Reached skill level 5 in Shields
  5245 | D:5      | Reached XP level 8. HP: 46/68 MP: 7/7
  5620 | D:6      | Found Gyucs's Book Shop.
  5998 | D:6      | Reached ** piety under Okawaru
  6233 | D:6      | Found an ornate altar of the Wu Jian Council.
  6979 | D:7      | Reached XP level 9. HP: 34/78 MP: 8/8
  7754 | D:7      | Reached *** piety under Okawaru
  7755 | D:7      | Reached skill level 1 in Stealth
  8308 | D:8      | Found a staircase to the Lair.
  8308 | D:8      | Noticed a komodo dragon
  8337 | D:8      | Killed a komodo dragon
  8539 | D:8      | Found Sofurghuh's Firing Range.
  8907 | D:8      | Reached skill level 10 in Armour
  9547 | D:8      | Found Gucw's Armour Emporium.
  9615 | D:8      | Reached **** piety under Okawaru
  9790 | D:8      | Reached skill level 10 in Long Blades
 10148 | D:9      | Reached XP level 10. HP: 43/86 MP: 9/9
 10360 | D:9      | Paralysed by a hornet for 2 turns
 10364 | D:9      | Paralysed by a hornet for 3 turns
 10368 | D:9      | HP: 4/87 [poisoned by a hornet]
 11121 | D:9      | Found a burning altar of Makhleb.
 11414 | D:9      | Noticed an obsidian statue
 11415 | D:9      | Noticed a smoke demon
 11561 | D:9      | Received a gift from Okawaru
 11843 | D:9      | Found a hazy altar of Hepliaklqana.
 11907 | D:10     | Entered Level 10 of the Dungeon
 12254 | D:10     | Found Ixaaghust's Antique Armour Shop.
 12826 | D:10     | Received a gift from Okawaru
 12826 | D:10     | Reached ***** piety under Okawaru
 13644 | D:11     | Reached XP level 11. HP: 62/97 MP: 10/10
 13670 | D:11     | Received a gift from Okawaru
 14313 | D:11     | Found Liziedig's Weapon Boutique.
 14497 | D:11     | Noticed a necromancer
 14518 | D:11     | Killed a necromancer
 14946 | D:11     | Reached skill level 10 in Fighting
 15277 | D:12     | Found a staircase to the Orcish Mines.
 15765 | D:12     | Reached skill level 1 in Invocations
 15972 | D:12     | Noticed a five-headed hydra
 15976 | D:12     | Noticed a four-headed hydra
 15984 | D:12     | Killed a one-headed hydra
 15991 | D:12     | Killed a one-headed hydra
 16161 | D:12     | Got Azu Poibb's Grimoire of Fire and the Compass
 16728 | Lair:1   | Entered Level 1 of the Lair of Beasts
 16819 | Lair:1   | Noticed Erica
 16877 | Lair:1   | Killed Erica
 17327 | Lair:1   | Noticed Urug
 17350 | Lair:1   | Killed Urug
 17609 | D:1      | Bought a scroll of brand weapon for 260 gold pieces
 17928 | Lair:1   | Found a snail-covered altar of Cheibriados.
 18049 | Lair:1   | Received a gift from Okawaru
 18127 | Lair:1   | Reached XP level 12. HP: 100/108 MP: 12/12
 18574 | Lair:1   | Noticed a six-headed hydra
 18583 | Lair:1   | Killed a one-headed hydra
 19011 | Lair:2   | Found a staircase to the Shoals.
 19062 | Lair:2   | You fall into a shaft and drop 2 floors!
 19074 | Lair:4   | Slain by a komodo dragon

Illustrated notes

Levels and vault maps discovered:
D:1:      amcnicky_arrival_choice, layout_basic, serial_shops,
          nicolae_shop_advertising_works [nicolae_subvault_shop_adworks],
          ebering_ecumenical_altar_hall
D:2:      layout_basic, serial_shops, shop_fountains, nicolae_shop_waterfront,
          shop, shop, shop, st_stairs_13
D:3:      layout_basic, grunt_dithmenos_smoke_and_mirrors,
          gammafunk_ghost_smash, minmay_distorted
D:4:      layout_gridville, chequers_serial_rivers_room_b, uniq_blork_the_orc
D:5:      layout_gridville, minmay_temple_entry_drinking_statues,
          minmay_gold_behind_fungi
D:6:      layout_rooms, amcnicky_altar_gilded, serial_shops, shop
D:7:      minmay_flawed_box, layout_loops_corners, minivault_25
D:8:      layout_basic, david_lair_shrubbed, serial_shops, shop,
          nicolae_shop_firing_range
D:9:      layout_rooms, worldfamousw_hep_ancestral_shrine,
          general_overflow_altar, minivault_15
D:10:     layout_basic, serial_shops, nicolae_shop_behind_doors, special_room
          [special_room_orc], minmay_fountain_box
D:11:     layout_small_grid, serial_shops, kennysheep_mini,
          eino_house_with_fridge
D:12:     layout_irregular_city, orc_0_dummy, serial_bayou_pond_c
Temple:   dpeg_five_rooms_temple
Lair:1:   wad_woods_structure_01, layout_hall_layers, basic_altar,
          chequers_serial_rivers_large_a, serial_bayou_lagoon_a,
          serial_bayou_shore_a, lemuel_fruit_tree, uniq_erica, uniq_urug
Lair:2:   hellmonk_destroyed_diamonds, layout_cellular_growth,
          minmay_shoals_entry_beasts, portal_ice_cave_entry_ice_simulacra,
          chequers_serial_rivers_small_3, ldierk_geyser
Lair:4:   lemuel_slime, layout_cave_pods, dummy_snake_entry,
          ebering_ghost_reflecting_pool, nicolae_quartered_pool_little,
          infiniplex_staircase_pool

Skill      XL: |  1  2  3  4  5  6  7  8  9 10 11 12 |
---------------+-------------------------------------+-----
Shields        | 4 5 6 7 8 |  8.2
Fighting       | 4 5 6 8 9 10 11 | 11.0
Armour         | 4 5 6 8 10 12 14 | 14.4
Long Blades    | 3 4 5 7 8 10 12 14 | 14.6
Dodging        | 1 2 |  2.9
Stealth        | 1 |  1.4
Invocations    | 1 |  1.5
Unarmed Combat | |  0.3

Action                   |  1- 3 |  4- 6 |  7- 9 | 10-12 || total
-------------------------+-------+-------+-------+-------++-------
Melee: Long sword        |    88 |       |       |       ||    88
       Headbutt          |     9 |    20 |    69 |   170 ||   268
       Unarmed           |     3 |       |       |       ||     3
       Falchion          |     2 |   104 |   373 |   403 ||   882
       Scimitar          |       |       |       |    24 ||    24
       Double sword      |       |       |       |   175 ||   175
Invok: Heroism           |       |       |     1 |     6 ||     7
  Use: Scroll            |       |     6 |       |    14 ||    20
       Potion            |       |       |       |     5 ||     5
Armor: Scale mail        |    47 |    25 |     4 |       ||    76
       Chain mail        |       |    33 |       |       ||    33
       Plate armour      |       |       |   251 |   235 ||   486
       Skin              |       |       |       |     4 ||     4
Dodge: Dodged            |    56 |    42 |    92 |   151 ||   341
Block: Buckler           |    28 |    29 |    94 |   108 ||   259
